 Dungeon Crawl Stone Soup version 0.28-a0-691-gad6df49e81 (webtiles) character file.

Game seed: 10838924287240883015

392720 Rennog the Bludgeoner (level 21, -9/191 (198) HPs)
             Began as a Demigod Fighter on Oct 21, 2021.
             Killed from afar by a tengu reaver (40 damage)
             ... with a bolt of acid
             ... on level 5 of the Vaults on Oct 22, 2021.
             The game lasted 01:44:25 (48828 turns).

Rennog the Bludgeoner (Demigod Fighter)            Turns: 48828, Time: 01:44:29

HP:   -9/191 (198)  AC: 39    Str: 38    XL:     21   Next: 19%
MP:   25/25         EV: 20    Int: 14    God:
Gold: 4991          SH: 25    Dex: 25    Spells: 20/20 levels left

rFire   + . .      SeeInvis +   I - +9 demon whip (freeze)
rCold   . . .      Faith    .   X - +4 tower shield {rC+}
rNeg    . . .      Spirit   .   Y - +10 plate armour of Qatob {Str+3}
rPois   .          Reflect  .   S - +0 hat {Will+}
rElec   .          Harm     +   j - +0 cloak "Lacus" {Harm Rampage rF+ rC-}
rCorr   .          Rampage  +   C - +1 pair of gloves
Will    +++..                   m - +2 pair of boots {Stlth+}
Stlth   +.........              L - amulet "Hankec Xaru" {Regen+ SInv}
HPRegen 1.41/turn               v - +6 ring of strength
MPRegen 0.19/turn               A - +4 ring of protection

@: studying 2 skills, lightly drained
A: high mp 1, forlorn
}: 2/15 runes: decaying, serpentine
a: no special abilities


You were on level 5 of the Vaults.
You visited 8 branches of the dungeon, and saw 40 of its levels.
You visited the Abyss 1 time.
You visited 1 bazaar.
You also visited: Ice Cave and Volcano.

You collected 8648 gold pieces.
You spent 3657 gold pieces at shops.

Inventory:

Hand Weapons
 F - the +5 dire flail "Busokal" {freeze, rElec rPois rN+ MP+9}
   (You bought it in a shop on level 5 of the Dungeon)

   It freezes those it strikes, dealing additional cold damage.
   It can also slow down cold-blooded creatures.
   rElec:     It insulates you from electricity.
   rPois:     It protects you from poison.
   rN:        It protects you from negative energy.
   MP:        It affects your magic capacity (+9).
 I - a +9 demon whip of freezing (weapon)
Missiles
 t - 11 silver javelins (quivered)
Armour
 b - the +27 Lear's hauberk
   (You found it on level 3 of the Elven Halls)
 j - the +0 cloak "Lacus" (worn) {Harm Rampage rF+ rC-}
   (You acquired it on level 2 of the Abyss)

   rF:        It protects you from fire.
   rC:        It makes you vulnerable to cold.
   Harm:      It increases damage dealt and taken.
   Rampage:   It bestows one free step when moving towards enemies.
 m - a +2 pair of boots of stealth (worn)
 x - a +0 kite shield of protection
 C - a +1 pair of gloves (worn)
 K - a scarf of resistance
 S - a +0 hat of willpower (worn)
 X - a +4 tower shield of cold resistance (worn)
 Y - the +10 plate armour of Qatob (worn) {Str+3}
   (You found it in an ice cave)

   Str:       It affects your strength (+3).
Jewellery
 v - a +6 ring of strength (left hand)
 A - a +4 ring of protection (right hand)
 L - the amulet "Hankec Xaru" (around neck) {Regen+ SInv}
   (You found it on level 6 of the Lair of Beasts)

   [amulet of regeneration]

   SInv:      It lets you see invisible.
   Regen:     It increases your rate of health regeneration.
 Q - the amulet of Disaster {RegenMP Drain rC++ Int+3 Dex+3}
   (You found it on level 9 of the Dungeon)

   [amulet of magic regeneration]

   It increases your rate of magic regeneration.
   Int:       It affects your intelligence (+3).
   Dex:       It affects your dexterity (+3).
   rC:        It greatly protects you from cold.
   Drain:     It drains your maximum health when unequipped.
 W - a ring of protection from fire
Wands
 z - a wand of charming (28)
 D - a wand of flame (61)
 H - a wand of digging (21)
 N - a wand of iceblast (84)
 Z - a wand of acid (61)
Scrolls
 a - 10 scrolls of identify
 f - 2 scrolls of fog
 k - 3 scrolls of magic mapping
 l - 19 scrolls of teleportation
 n - 4 scrolls of fear
 y - 4 scrolls of blinking
 G - 3 scrolls of summoning
 O - 2 scrolls of silence
 V - 2 scrolls of holy word
Potions
 c - 5 potions of mutation
 d - 8 potions of might
 g - 12 potions of lignification
 h - 2 potions of berserk rage
 i - 6 potions of magic
 o - 2 potions of invisibility
 p - 4 potions of flight
 q - 7 potions of resistance
 r - 12 potions of curing
 s - 6 potions of heal wounds
 P - 4 potions of haste
 T - 4 potions of cancellation
 U - 3 potions of ambrosia
Miscellaneous
 e - a condenser vane (inert)
 u - a piece from Xom's chessboard (15/15)
 w - a tin of tremorstones (2/2)
 B - a phantom mirror
 E - a phial of floods
 M - a lightning rod (4/4)
 R - a box of beasts (inert)


   Skills:
 - Level 19.3 Fighting
 * Level 19.4 Maces & Flails
 + Level 16.0 Armour
 + Level 16.7 Dodging
 + Level 7.1 Stealth
 + Level 14.3 Shields
 - Level 10.5 Evocations


You had 20 spell levels left.
You didn't know any spells.
Your spell library contained the following spells:

 Spells                   Type           Power      Damage    Failure   Level
 Foxfire                  Conj/Fire      0%         2x1d4     99%         1
 Pain                     Necr           0%         1d4       99%         1
 Shock                    Conj/Air       0%         1d3       99%         1
 Summon Small Mammal      Summ           0%         N/A       99%         1
 Blink                    Tloc           N/A        N/A       100%        2
 Corpse Rot               Necr/Air       0%         N/A       100%        2
 Scorch                   Fire           0%         2d5       100%        2
 Slow                     Hex            0%         N/A       100%        2
 Sublimation of Blood     Necr           0%         N/A       100%        2
 Wereblood                Tmut           0%         N/A       100%        2
 Call Canine Familiar     Summ           0%         N/A       100%        3
 Confusing Touch          Hex            0%         N/A       100%        3
 Conjure Flame            Conj/Fire      0%         6-21      100%        3
 Dazzling Flash           Conj/Hex       0%         N/A       100%        3
 Gell's Gravitas          Tloc           0%         N/A       100%        3
 Ignite Poison            Fire/Tmut/Pois 0%         N/A       100%        3
 Inner Flame              Hex/Fire       0%         N/A       100%        3
 Ozocubu's Armour         Ice            0%         N/A       100%        3
 Portal Projectile        Hex/Tloc       0%         N/A       100%        3
 Summon Guardian Golem    Hex/Summ       0%         N/A       100%        3
 Swiftness                Air            0%         N/A       100%        3
 Teleport Other           Tloc           0%         N/A       100%        3
 Vampiric Draining        Necr           0%         2d6       100%        3
 Airstrike                Air            0%         N/A       100%        4
 Animate Armour           Summ/Erth      0%         N/A       100%        4
 Animate Dead             Necr           0%         N/A       100%        4
 Dispel Undead            Necr           0%         3d6       100%        4
 Flame Wave               Conj/Fire      0%         3d3       100%        4
 Fulminant Prism          Conj/Hex       0%         3d6       100%        4
 Iskenderun's Mystic Bla  Conj/Tloc      0%         2d3       100%        4
 Sticky Flame             Conj/Fire      0%         2d3       100%        4
 Summon Lightning Spire   Summ/Air       0%         N/A       100%        4
 Agony                    Necr           0%         N/A       100%        5
 Blade Hands              Tmut           0%         N/A       100%        5
 Excruciating Wounds      Necr           0%         N/A       100%        5
 Fireball                 Conj/Fire      0%         3d3       100%        5
 Iskenderun's Battlesphe  Conj           0%         2d6       100%        5
 Lee's Rapid Deconstruct  Erth           0%         3d5*      100%        5
 Lightning Bolt           Conj/Air       0%         1d11      100%        5
 Manifold Assault         Tloc           0%         N/A       100%        5
 Silence                  Hex/Air        0%         N/A       100%        5
 Conjure Ball Lightning   Conj/Air       0%         3x3d6     100%        6
 Death Channel            Necr           0%         N/A       100%        6
 Dispersal                Tloc           0%         N/A       100%        6
 Iron Shot                Conj/Erth      0%         9d1       100%        6
 Summon Cactus Giant      Summ           0%         N/A       100%        6
 Haunt                    Necr/Summ      0%         N/A       100%        7
 Orb of Destruction       Conj           0%         N/A       100%        7
 Ozocubu's Refrigeration  Ice            0%         4d5       100%        7
 Spellforged Servitor     Conj/Summ      0%         N/A       100%        7
 Storm Form               Tmut/Air       0%         N/A       100%        7
 Summon Hydra             Summ           0%         N/A       100%        7
 Infestation              Necr           0%         N/A       100%        8
 Dragon's Call            Summ           0%         N/A       100%        9


Dungeon Overview and Level Annotations

Branches:
Dungeon (15/15)            Temple (0/1) D:6            Lair (6/6) D:8
  Swamp (4/4) Lair:2        Snake (4/4) Lair:2        Slime (0/5) Lair:6
    Orc (2/2) D:9             Elf (3/3) Orc:2        Vaults (5/5) D:14
  Crypt (1/3) Vaults:2     Depths (0/4) D:15          IceCv (visited)
Volcano (visited)

Shops:
D:1 :   D:2 [   D:5 (   D:6 :   D:11 (   D:13 *   Orc:1 (   Orc:2 =(*=:
Elf:1 [**!   Elf:2 =?   Snake:1 =:?

Portals:
Abyss: Swamp:3
Trove: Vaults:2 (give 12 potions of heal wounds)

Annotations:
Swamp:3 1 transporter, Ziupeca's ghost, journeyman VSBr
Vaults:3 2 transporters, lawman0's ghost, adept PaBe


Innate Abilities, Weirdness & Mutations

Your attributes grow dramatically as you level up.
You have an increased reservoir of magic. (+10% MP)
You shall have no god before yourself.


Message History

You whack the titan! You freeze the titan.
The titan is moderately wounded.
The deep elf high priest is engulfed in freezing vapours.
You kill the deep elf high priest!
The titan is engulfed in freezing vapours.
The titan hits you.
The vault warden is engulfed in freezing vapours.
The ironbound preserver is engulfed in freezing vapours.
The ironbound preserver hits you but does no damage.
The ironbound convoker is engulfed in freezing vapours.
You hit the titan. You freeze the titan.
The titan is heavily wounded.
The vault warden is engulfed in freezing vapours.
Unknown command.
You thrash the titan!! You freeze the titan!
The titan is almost dead.
The titan is engulfed in freezing vapours.
The titan gestures at you while chanting.
The bolt of lightning misses you.
The bolt of lightning hits your mature weirdsting beast!!!
The ironbound preserver is engulfed in freezing vapours.
You block the ironbound preserver's attack.
The ironbound convoker is engulfed in freezing vapours.
You kill the ironbound convoker!
The tengu reaver points at you and mumbles some strange words.
The bolt of negative energy hits you!!
You feel drained.
Your mature weirdsting beast is engulfed in freezing vapours.
You whack the vault warden! You freeze the vault warden.
The vault warden is severely wounded.
The vault warden is engulfed in freezing vapours.
The vault warden hits you with a +2 great mace of protection!!!
* * * LOW HITPOINT WARNING * * *
The titan is engulfed in freezing vapours.
You block the titan's attack.
The ironbound preserver is engulfed in freezing vapours.
The ironbound preserver mumbles some strange words.
The ironbound preserver is healed somewhat.
The tengu reaver gestures at you while chanting.
The bolt of acid hits you!!
You die...

#§ #....#§§#
§§##....#§§##
§§§#..[.#§§§
......§§§§§
##....§§§.#####
.....[C§§Q..^..
....[§pC§§.....
..[.<○p@H§.....
.....§§§§§.....
##...[[[[[#####
............
...#....#....
.. #....#...##
. #....#####
#....#


You could see an ironbound preserver (empowered), a titan (empowered, ally
target), a frost giant (empowered), a vault warden (strong, empowered), a tengu
reaver (empowered) and a friendly mature weirdsting beast (summoned).

Vanquished Creatures
  Boris (twice) (Vaults:2 Vaults:3)
  Xtahua (Vaults:4)
  Margery (Vaults:2)
  Vashnia (Snake:4)
  2 tentacled monstrosities
  A lich (Abyss:2)
  4 deep elf master archers (Elf:3)
  5 deep elf blademasters
  A sphinx (Vaults:4)
  Gastronok (Lair:1)
  Frances (D:14)
  A tentacled starspawn (Abyss:2)
  Agnes (D:14)
  A thorn hunter (Swamp:4)
  Donald (Snake:1)
  Kirke (Elf:1)
  A fire giant (D:15)
  5 deep elf sorcerers
  3 orc warlords (Vaults:1)
  12 nagarajas
  Aizul (Elf:1)
  10 vault wardens
  Louise (D:14)
  2 curse skulls (Crypt:1)
  10 deep elf elementalists (Elf:3)
  A reaper (IceCv)
  A war gargoyle (Vaults:4)
  15 ironbound preservers
  3 very ugly things
  A deep elf demonologist (Elf:3)
  2 entropy weavers
  22 dire elephants
  6 deep elf annihilators (Elf:3)
  5 bunyips
  A deep elf death mage (Elf:3)
  2 ettins
  Snorg (D:14)
  A jiangshi (Crypt:1)
  3 eleionomae
  14 yaktaur captains
  A fire dragon (D:15)
  4 deep elf high priests
  3 great orbs of eyes
  A shambling mangrove (Swamp:3)
  13 naga warriors
  4 salamander tyrants
  20 hydras
  A hydra (shapeshifter) (Vaults:2)
  2 catoblepae
  4 ironbound thunderhulks
  32 vault guards
  2 boulder beetles (Vaults:2)
  2 ghost crabs
  3 ogre magi (D:15)
  7 anacondas
  20 centaur warriors
  6 ironbound frosthearts
  8 alligators
  43 dancing weapons
  3 tengu warriors
  A deep troll shaman (Vaults:5)
  16 two-headed ogres
  3 orc high priests
  3 death yaks
  10 naga sharpshooters
  A deep troll earth mage (Vaults:5)
  2 thrashing horrors (Abyss:2)
  4 hell knights
  6 shock serpents
  A wretched star (Abyss:2)
  20 deep elf knights
  An iron troll (Vaults:4)
  A spectral death yak (Lair:6)
  A death drake (Swamp:4)
  7 salamander mystics
  47 deep trolls
  6 goliath frogs
  A death drake (shapeshifter) (Vaults:4)
  A glowing orange brain (Vaults:2)
  A spectral anaconda (Lair:6)
  4 spriggan druids
  11 bog bodies
  8 naga ritualists
  2 starcursed masses (Abyss:2)
  12 ironbound convokers
  9 wizards
  2 phantasmal warriors
  11 swamp dragons
  An obsidian statue (Lair:6)
  13 deep elf archers
  6 harpies
  6 necromancers
  A deep troll (shapeshifter) (Vaults:2)
  2 lindwurms (Vaults:2)
  6 orc knights
  36 deep elf pyromancers
  8 mana vipers
  4 manticores
  4 orc sorcerers (Orc:2)
  17 ugly things
  29 deep elf zephyrmancers
  6 large abominations (Abyss:2)
  13 salamanders
  2 cyclopes
  A rust devil (Abyss:2)
  17 naga magi
  An ice statue (IceCv)
  20 elephants
  35 black mambas
  2 molten gargoyles (Volcano)
  7 guardian serpents
  An apocalypse crab (Abyss:2)
  A dire elephant zombie (Lair:6)
  10 vault sentinels
  A gargoyle (D:10)
  7 cane toads
  A smoke demon (Abyss:2)
  3 torpor snails
  41 yaktaurs
  2 rime drakes
  2 anaconda simulacra (IceCv)
  2 kobold demonologists
  2 entropy weaver simulacra (IceCv)
  An ice devil (IceCv)
  An unseen horror (D:10)
  2 guardian mummies (Crypt:1)
  A tengu conjurer (D:13)
  6 komodo dragons
  5 polar bears
  A polar bear (shapeshifter) (Elf:1)
  6 trolls
  A bloated husk (Swamp:1)
  13 tyrant leeches
  A raiju (Abyss:2)
  24 slime creatures
  A dream sheep (shapeshifter) (Elf:3)
  12 hornets
  12 blink frogs
  A hornet (shapeshifter) (D:12)
  A spectral elephant (Lair:6)
  5 dream sheep (Lair:5)
  5 air elementals
  4 redbacks
  14 spriggans
  2 water elementals
  2 wraiths
  A yak (shapeshifter) (Elf:1)
  A ynoxinul (Abyss:2)
  2 dire elephant simulacra (IceCv)
  2 wyverns
  A hog (shapeshifter) (Vaults:5)
  2 fire bats (Volcano)
  16 humans (D:14)
  50 yaks
  3 fire elementals (Elf:3)
  A basilisk (shapeshifter) (D:14)
  14 vampire mosquitoes
  7 basilisks
  4 death yak simulacra
  2 neqoxecs (Abyss:2)
  3 spectral cane toads (Lair:6)
  2 wargs (Orc:1)
  A harpy simulacrum (IceCv)
  46 nagas
  14 swamp worms
  3 acid dragons
  12 water moccasins
  17 orc warriors
  9 swamp drakes
  7 black bears
  An elephant zombie (Lair:6)
  A sky beast (D:7)
  An ice beast (D:6)
  A necrophage (D:8)
  18 centaurs
  11 ogres
  5 boggarts (Vaults:4)
  29 wolves
  An elephant skeleton (Lair:6)
  12 kobold brigands
  3 gnoll sergeants
  6 bullfrogs
  4 earth elementals
  2 scorpions
  3 cane toad simulacra
  5 two-headed ogre simulacra
  A wyvern skeleton (D:7)
  4 small abominations (Abyss:2)
  2 water moccasin skeletons (D:6)
  4 elephant simulacra
  4 howler monkeys
  3 wights (D:9)
  An electric eel (D:8)
  4 lava snakes (Volcano)
  2 bullfrog zombies
  3 centaur zombies
  A human zombie (Crypt:1)
  30 orc priests
  2 hounds
  2 bullfrog skeletons
  A gnoll shaman (D:7)
  3 iron imps
  A centaur skeleton (D:5)
  3 iguanas
  21 orc wizards
  3 polar bear simulacra (IceCv)
  A scorpion zombie (D:5)
  10 troll simulacra
  3 spriggan simulacra (IceCv)
  A hound skeleton (D:5)
  5 mummies (Crypt:1)
  3 howler monkey zombies
  23 gnolls
  6 adders
  7 naga simulacra (IceCv)
  10 white imps
  7 ufetubi
  A worm (D:2)
  The ghost of shoop the Sneak, a weakling VSDe (D:6)
  43 orcs
  3 ball pythons
  8 bats
  5 endoplasms
  2 giant cockroaches
  9 goblins
  9 hobgoblins
  3 jackals (D:1)
  15 kobolds
  2 quokkas (D:4)
  6 frilled lizards
  2 rats
1553 creatures vanquished.

Vanquished Creatures (collateral kills)
  the Lernaean hydra (Swamp:4)
  A hydra (Swamp:4)
2 creatures vanquished.

Vanquished Creatures (others)
  A deep troll (Vaults:4)
  3 bloated husks
  A jumping spider (shapeshifter) (Elf:2)
  A hornet (Swamp:2)
  3 humans (Elf:1)
  A swamp worm (Swamp:1)
  2 orc wizards (Orc:2)
  A white imp (IceCv)
  2 orcs
  A bush (Lair:3)
  31 fungi
  28 plants
  3 starspawn tentacles (Abyss:2)
  22 withered plants
100 creatures vanquished.

Grand Total: 1655 creatures vanquished

Notes
Turn   | Place    | Note
-------+----------+-------------------------------------------
     0 | D:1      | Rennog the Demigod Fighter began the quest for the Orb.
     0 | D:1      | Reached XP level 1. HP: 18/18 MP: 3/3
   329 | D:1      | Found Duqocey's Book Emporium.
   378 | D:1      | Reached XP level 2. HP: 26/26 MP: 4/4
   618 | D:1      | Reached skill level 1 in Dodging
   878 | D:2      | Reached XP level 3. HP: 31/31 MP: 5/5
  1474 | D:2      | Found Dyruabb's Armour Emporium.
  2400 | D:4      | Reached XP level 4. HP: 25/40 MP: 4/6
  3183 | D:4      | Reached XP level 5. HP: 31/46 MP: 4/7
  4156 | D:5      | Entered Level 5 of the Dungeon
  4375 | D:5      | Reached XP level 6. HP: 53/55 MP: 8/8
  4389 | D:5      | Reached skill level 5 in Fighting
  4412 | D:5      | Found Zyas's Antique Weapon Emporium.
  5109 | D:6      | Noticed a water moccasin
  5130 | D:6      | Killed a water moccasin
  5131 | D:6      | Reached XP level 7. HP: 19/62 MP: 6/9
  5424 | D:6      | Found Nirroar's Book Shoppe.
  5981 | D:6      | Found a staircase to the Ecumenical Temple.
  6118 | D:6      | Found a runed translucent gate.
  6119 | D:6      | Found a runed translucent gate.
  6120 | D:6      | Found a runed translucent gate.
  6122 | D:6      | Noticed shoop's ghost (weakling VSDe)
  6541 | D:5      | Bought an ichor-stained dire flail for 198 gold pieces
  6541 | D:5      | Identified the +5 dire flail "Busokal" {freeze, rElec rPois
                  | rN+ MP+9} (You bought it in a shop on level 5 of the
                  | Dungeon)
  6647 | D:6      | Killed shoop's ghost
  6964 | D:7      | Reached XP level 8. HP: 61/71 MP: 10/10
  7129 | D:7      | Reached skill level 5 in Maces & Flails
  8094 | D:8      | Found a staircase to the Lair.
  8095 | D:8      | Noticed a komodo dragon
  8113 | D:8      | Killed a komodo dragon
  8114 | D:8      | Reached skill level 5 in Dodging
  8899 | D:9      | Identified the amulet of Disaster {RegenMP Drain rC++ Int+3
                  | Dex+3}
  9368 | D:9      | Found a staircase to the Orcish Mines.
  9375 | D:9      | Reached XP level 9. HP: 82/82 MP: 11/11
  9662 | D:10     | Entered Level 10 of the Dungeon
  9809 | D:10     | Noticed a two-headed ogre
  9815 | D:10     | Killed a two-headed ogre
  9838 | D:10     | Noticed a kobold demonologist
  9839 | D:10     | Reached skill level 10 in Fighting
  9848 | D:9      | Reached XP level 10. HP: 71/93 MP: 13/13
 10113 | Lair:1   | Entered Level 1 of the Lair of Beasts
 10133 | Lair:1   | Noticed a black mamba
 10139 | Lair:1   | Killed a black mamba
 10271 | Lair:1   | You fall into a shaft and drop 1 floor!
 10297 | Lair:2   | Reached skill level 5 in Armour
 10599 | Lair:1   | Noticed a black mamba
 10602 | Lair:1   | Killed a black mamba
 10666 | Lair:1   | Noticed Gastronok
 10684 | Lair:1   | Killed Gastronok
 10685 | Lair:1   | Reached XP level 11. HP: 37/102 MP: 14/14
 11143 | Lair:2   | Found a staircase to the Swamp.
 11278 | Lair:2   | Found a staircase to the Snake Pit.
 11365 | Lair:2   | Noticed a catoblepas
 11379 | Lair:2   | Killed a catoblepas
 12215 | Lair:3   | Noticed a five-headed hydra
 12253 | Swamp:1  | Entered Level 1 of the Swamp
 12253 | Swamp:1  | Noticed a swamp dragon
 12253 | Swamp:1  | Noticed an alligator
 12373 | Lair:3   | You fall into a shaft and drop 1 floor!
 12454 | Lair:4   | Identified 2 scrolls of acquirement
 12455 | Lair:4   | Acquired 1277 gold pieces
 12457 | Lair:4   | Acquired 1177 gold pieces
 12570 | Lair:4   | Noticed a seven-headed hydra
 12597 | Lair:4   | Killed a seven-headed hydra
 12653 | Lair:4   | Noticed a four-headed hydra
 12659 | Lair:4   | Killed a four-headed hydra
 13122 | Lair:3   | Noticed a death yak
 13122 | Lair:3   | Noticed a death yak
 13289 | Lair:2   | Killed a death yak
 13290 | Lair:2   | Reached XP level 12. HP: 104/113 MP: 15/15
 13474 | Lair:3   | Killed a five-headed hydra
 14734 | D:11     | Found a frozen archway.
 14802 | IceCv    | Entered an ice cave
 15201 | IceCv    | Identified the +10 plate armour of Qatob {Str+3}
 15420 | IceCv    | Noticed a reaper
 15430 | IceCv    | Killed a reaper
 15916 | IceCv    | Found the +4 skin of Zhor {*Englaciate rC+++ SInv}
 15995 | D:11     | Reached skill level 10 in Maces & Flails
 16176 | D:11     | Acquired a manual of Necromancy
 16208 | D:11     | Noticed a six-headed hydra
 16215 | D:11     | Killed a six-headed hydra
 16310 | D:11     | Reached XP level 13. HP: 82/124 MP: 16/16
 16347 | D:11     | Found Cocesups's Antique Weapon Boutique.
 16827 | D:12     | You fall into a shaft and drop 3 floors!
 16827 | D:15     | Entered Level 15 of the Dungeon
 16839 | D:15     | Reached skill level 10 in Dodging
 16933 | D:15     | Found a staircase to the Depths.
 16934 | D:15     | Noticed a fire giant
 17184 | D:14     | Noticed Snorg
 17192 | D:14     | Noticed Frances
 17198 | D:14     | Killed Snorg
 17200 | D:14     | Noticed Louise
 17673 | D:13     | Found Efejac's Gadget Gallery.
 17715 | D:13     | Bought a condenser vane for 560 gold pieces
 17887 | D:13     | Reached skill level 1 in Evocations
 19096 | D:13     | Reached skill level 15 in Fighting
 19219 | D:14     | Killed Louise
 19501 | D:14     | Noticed Agnes
 19510 | D:14     | Killed Agnes
 19521 | D:14     | Found a gateway to a bazaar.
 19819 | D:14     | Cast into level 2 of the Abyss (a wizard)
 19932 | Abyss:2  | Reached XP level 14. HP: 135/135 MP: 17/17
 19958 | Abyss:2  | Acquired the +0 cloak "Lacus" {Harm Rampage rF+ rC-}
 20010 | Abyss:2  | Noticed a lich
 20021 | Abyss:2  | Killed a lich
 20194 | Abyss:2  | Noticed a daeva
 20280 | Abyss:2  | Reached skill level 5 in Evocations
 20357 | Abyss:2  | Noticed a tentacled starspawn
 20372 | Abyss:2  | Killed a tentacled starspawn
 20379 | D:14     | Escaped the Abyss
 20464 | D:14     | Found a gate to the Vaults.
 20575 | D:14     | Killed Frances
 20662 | Bazaar   | Entered a bazaar
 20663 | Bazaar   | Found Siusen Douga's Distillery.
 20663 | Bazaar   | Found Vuczen's Antique Weapon Boutique.
 20664 | Bazaar   | Found Miwuomm's Magic Scroll Emporium.
 20681 | Bazaar   | Bought a scroll of acquirement for 468 gold pieces
 20681 | Bazaar   | Acquired a manual of Fighting
 20683 | Bazaar   | Bought a scroll of teleportation for 27 gold pieces
 20694 | Bazaar   | Bought a potion of heal wounds for 40 gold pieces
 20694 | Bazaar   | Bought a potion of curing for 24 gold pieces
 20694 | Bazaar   | Bought a potion of heal wounds for 40 gold pieces
 20694 | Bazaar   | Bought a potion of might for 32 gold pieces
 20694 | Bazaar   | Bought a potion of resistance for 80 gold pieces
 20697 | Bazaar   | Found Ximob's Weapon Emporium.
 21017 | D:15     | Reached skill level 10 in Armour
 21188 | D:15     | Killed a fire giant
 22871 | Lair:6   | Entered Level 6 of the Lair of Beasts
 22877 | Lair:6   | Reached XP level 15. HP: 145/145 MP: 18/18
 23115 | Lair:6   | Found a staircase to the Slime Pits.
 24061 | Lair:6   | Identified the amulet "Hankec Xaru" {Regen+ SInv}
 24377 | Orc:1    | Entered Level 1 of the Orcish Mines
 24424 | Orc:1    | Found Rufroguo's Weapon Shoppe.
 24797 | Orc:2    | Entered Level 2 of the Orcish Mines
 24881 | Orc:2    | Found Fufeqo's Book Shop.
 25034 | Orc:1    | Found a dark tunnel.
 25039 | Volcano  | Entered a volcano
 25837 | Orc:2    | Found Soirgh's Jewellery Emporium.
 25837 | Orc:2    | Found Irgha's Weapon Emporium.
 25838 | Orc:2    | Found Utoppepp's Jewellery Shoppe.
 25854 | Orc:2    | Found Suawets's General Store.
 26061 | Orc:2    | Found a staircase to the Elven Halls.
 26473 | Snake:1  | Entered Level 1 of the Snake Pit
 26716 | Snake:1  | You fall into a shaft and drop 1 floor!
 26892 | Snake:2  | Noticed a nagaraja
 26921 | Snake:2  | Killed a nagaraja
 27246 | Snake:1  | Found Faown's Jewellery Emporium.
 27679 | Snake:1  | Noticed Donald
 27697 | Snake:1  | Killed Donald
 27956 | Snake:1  | Found Ischeo's Magic Scroll Boutique.
 27956 | Snake:1  | Found Funysouw's Book Shop.
 27965 | Snake:1  | Bought a scroll of acquirement for 624 gold pieces
 27973 | Snake:1  | Acquired a manual of Maces & Flails
 28394 | Snake:2  | Reached XP level 16. HP: 159/159 MP: 19/19
 29491 | Snake:3  | Reached skill level 10 in Evocations
 30113 | Snake:3  | Identified the +6 broad axe of the Equinox {drain, Drain
                  | rPois Int+2}
 31371 | Snake:3  | Reached skill level 15 in Maces & Flails
 31478 | Snake:4  | Entered Level 4 of the Snake Pit
 32334 | Snake:4  | Reached skill level 5 in Shields
 32503 | Snake:4  | Reached XP level 17. HP: 168/168 MP: 20/20
 32576 | Snake:4  | Noticed Vashnia
 32932 | Snake:4  | Killed Vashnia
 33024 | Snake:4  | Identified the +2 spear of the Salmon {freeze, *Corrode
                  | Int+3 Dex+3}
 33200 | Snake:4  | Got a serpentine rune of Zot
 34351 | Swamp:2  | You fall into a shaft and drop 1 floor!
 34391 | Swamp:3  | Noticed a tentacled monstrosity
 34832 | Swamp:3  | Noticed Ziupeca's ghost (journeyman VSBr)
 34964 | Swamp:3  | Found a transporter.
 35003 | Swamp:3  | Found a one-way gate to the infinite horrors of the Abyss.
 35243 | Swamp:4  | Entered Level 4 of the Swamp
 36739 | Swamp:4  | Noticed the 27-headed Lernaean hydra
 36741 | Swamp:4  | Killed the 27-headed Lernaean hydra
 36761 | Swamp:4  | Got a decaying rune of Zot
 37087 | Vaults:1 | Entered Level 1 of the Vaults
 37135 | Vaults:1 | Reached XP level 18. HP: 176/176 MP: 21/21
 37247 | Vaults:1 | Identified the +0 buckler of Syndicalism {Rampage Will+
                  | MP+9 Str-2}
 37400 | Vaults:1 | Noticed a tentacled monstrosity
 37420 | Vaults:1 | Killed a tentacled monstrosity
 37631 | Vaults:1 | Reached skill level 10 in Shields
 38502 | Vaults:2 | Noticed Boris
 38521 | Vaults:2 | Killed Boris
 38707 | Vaults:2 | You fall into a shaft and drop 2 floors!
 38720 | Vaults:4 | Noticed Xtahua
 39428 | Vaults:3 | Noticed Boris
 39448 | Vaults:3 | Killed Boris
 39551 | Vaults:3 | Reached XP level 19. HP: 156/183 MP: 22/22
 39702 | Vaults:3 | Reached skill level 15 in Dodging
 39951 | Vaults:3 | Found a transporter.
 39951 | Vaults:3 | Noticed lawman0's ghost (adept PaBe)
 39952 | Vaults:3 | Identified the +2 great mace "Cudeghy" {spect, Drain rPois
                  | rF+++ Dex-5}
 39953 | Vaults:3 | Found a transporter.
 40124 | Vaults:3 | Noticed Margery
 40285 | Vaults:2 | Killed Margery
 41350 | Vaults:2 | Identified the +6 dagger "Plog" {flame, rElec rC+ Will+
                  | Str+2}
 41355 | Vaults:2 | Found a staircase to the Crypt.
 41989 | Vaults:2 | Found a portal to a secret trove of treasure.
 42791 | Elf:1    | Entered Level 1 of the Elven Halls
 42791 | Elf:1    | Found Rurutaem's Assorted Antiques.
 42794 | Elf:1    | Found Wuosay's Antique Armour Emporium.
 42797 | Elf:1    | Bought a potion of curing for 90 gold pieces
 42797 | Elf:1    | Bought a potion of curing for 90 gold pieces
 42804 | Elf:1    | Reached skill level 1 in Stealth
 42929 | Elf:1    | Noticed Aizul
 42932 | Elf:1    | Killed Aizul
 42961 | Elf:1    | Found Ytixt's Distillery.
 42963 | Elf:1    | Bought a potion of curing for 39 gold pieces
 42963 | Elf:1    | Bought a potion of curing for 39 gold pieces
 42963 | Elf:1    | Bought a potion of might for 52 gold pieces
 42963 | Elf:1    | Bought a potion of mutation for 104 gold pieces
 42963 | Elf:1    | Bought a potion of heal wounds for 65 gold pieces
 42963 | Elf:1    | Bought a potion of curing for 39 gold pieces
 42974 | Elf:1    | Paralysed by an air elemental for 1 turns
 43106 | Elf:1    | Reached skill level 15 in Armour
 43175 | Elf:1    | Found Nenett's General Store.
 43209 | Elf:1    | Noticed Kirke
 43216 | Elf:1    | Killed Kirke
 43498 | Elf:1    | Got Jolaproj's Guide on the Entourage
 43883 | Elf:2    | Paralysed by an air elemental for 1 turns
 43887 | Elf:2    | Reached XP level 20. HP: 160/191 MP: 24/24
 43915 | Elf:2    | Found Xehoshraes's Magic Scroll Boutique.
 43915 | Elf:2    | Paralysed by an air elemental for 1 turns
 43939 | Elf:2    | Bought a scroll of acquirement for 832 gold pieces
 43941 | Elf:2    | Acquired 627 gold pieces
 44077 | Elf:2    | Paralysed by an air elemental for 1 turns
 44139 | Elf:2    | Found Vebyrazu's Jewellery Shop.
 44235 | Elf:2    | Paralysed by an air elemental for 1 turns
 44337 | Elf:2    | Found a runed translucent gate.
 44338 | Elf:2    | Found a runed translucent gate.
 44338 | Elf:2    | Found a runed translucent gate.
 45040 | Elf:3    | Entered Level 3 of the Elven Halls
 45375 | Elf:3    | Reached skill level 5 in Stealth
 45676 | Elf:3    | Identified the +9 war axe "Reciu" {drain, Dex+5}
 45678 | Elf:3    | Identified the +1 robe "Juelyi" {+Inv rC- Str+2 SInv}
 45802 | Elf:3    | Identified the +2 hunting sling "Jysakump" {vorpal, rCorr
                  | Int+4}
 45943 | Elf:3    | Found the +27 Lear's hauberk
 46708 | Crypt:1  | Entered Level 1 of the Crypt
 47340 | D:2      | Bought a +1 pair of boots of stealth for 214 gold pieces
 48181 | Vaults:4 | Killed Xtahua
 48687 | Vaults:5 | Entered Level 5 of the Vaults
 48694 | Vaults:5 | Reached XP level 21. HP: 152/198 MP: 25/25
 48828 | Vaults:5 | Killed from afar by a tengu reaver

Illustrated notes

Levels and vault maps discovered:
D:1:      amcnicky_arrival_wind_blow, layout_rooms, serial_shops, shop,
          shapermc_ecumenical_altar_mp_ritualfount
D:2:      layout_basic, serial_shops,
          nicolae_shop_temple_entry_statues_fountains
D:3:      layout_rooms
D:4:      layout_loops_corners
D:5:      layout_basic, serial_shops, kennysheep_mini_moat
D:6:      layout_basic, minmay_temple_entry_sparse_star,
          ebering_ghost_rock_garden, serial_shops, shop, minmay_misc_feat_chi
D:7:      layout_rooms, kennysheep_ying_yang, kennysheep_little_box,
          mainiacjoe_overflow_alcove_1, amcnicky_altar_gilded,
          minmay_strange_pillars
D:8:      layout_basic, mainiacjoe_overflow_alcove_2, david_lair_shrubbed,
          serial_co_window_serial, co_window_of_opportunity_a,
          co_window_corner_a, co_window_corner_a, co_window_corner_a,
          co_window_corner_a, co_window_cross_1, co_window_of_opportunity_a,
          co_window_corner_b, co_window_broadway_c, co_window_unsneaky_path_b,
          co_window_paths_d, glass_columns_a, glass_columns_b,
          kennysheep_another_room
D:9:      layout_layer_cave, gammafunk_temple_overflow_pools, slow_altar_1,
          erik_orc_1, chequers_serial_rivers_micro_d
D:10:     layout_cave_pools, special_room [special_room_kobold],
          grunt_ministairs_4, chequers_arboretum, minivault_1
D:11:     layout_cave_pods, serial_shops, nicolae_shop_behind_doors,
          portal_ice_cave_entry_ice_simulacra
D:12:     layout_irregular_city
D:13:     layout_grid_maze, hangedman_abyss_or_decor_stagger,
          nicolae_shop_gadgets
D:14:     layout_rooms, grunt_vaults_entry_tiered,
          nicolae_qazlal_style_of_elements, serial_shops, bzr_entry_water,
          argonaut_gorgonesque, uniq_agnes, uniq_snorg, uniq_frances,
          uniq_louise
D:15:     grunt_enter_depths_giant_problem, layout_long_grid, serial_rivers,
          chequers_serial_rivers_large_b, chequers_serial_rivers_micro_e,
          chequers_serial_rivers_small_a, chequers_serial_rivers_small_3,
          chequers_serial_rivers_micro_a, nemelex_diamond_rough_becter,
          abandoned_shop
Lair:1:   layout_concentric_octagons, grunt_megastairs_3, uniq_gastronok
Lair:2:   wad_woods_structure_01, layout_loops_ring, swamp_mist,
          minmay_snake_entry_guardpost_small, infiniplex_staircase_pool
Lair:3:   beast_lair_carwin_large_1, layout_gridlike,
          cheibrodos_lair_caveside_slide
Lair:4:   layout_big_grid, lemuel_fruit_tree
Lair:5:   layout_regular_city, bobbens_ice_dragon_lair
Lair:6:   due_jungle_book, layout_concentric_octagons, slime_dummy,
          grunt_megastairs_5
Swamp:1:  layout_falls_marsh, evilmike_swamp_ruin_rubble_1
Swamp:2:  layout_basic_swamp, hangedman_swamp_ruin_hall
Swamp:3:  layout_basic_swamp, gammafunk_ghost_abyssal_escape,
          evilmike_swamp_ruin_house_2, swamp_pool1
Swamp:4:  grunt_swamp_rune_castle, layout_basic_swamp
Snake:1:  layout_layer_cave, serial_shops, shop, grunt_megastairs_4,
          minmay_shoptagon, uniq_donald
Snake:2:  layout_layer_cave, grunt_megastairs_2
Snake:3:  layout_layer_cave, hangedman_snake_pattern, nicolae_snake_snakewalk
Snake:4:  johnstein_snake_rune_scales, layout_onion, basic_altar
Orc:1:    layout_diamond_mine, enter_volcano_1, serial_shops, shop_fountains
Orc:2:    st_orc_mages, layout_caves, serial_shops, nicolae_lakefront_shop,
          minmay_orc_temple_c
Elf:1:    layout_geoelf_grid, serial_shops, nicolae_shop_overgrown_old_shop,
          shop, nicolae_shop_trees, shop, minmay_elf_demonology,
          hangedman_elven_crosses_minicolossus, uniq_aizul, uniq_kirke
Elf:2:    nicolae_elf_blades_crystal_corner, layout_geoelf_diagonals,
          serial_shops, nicolae_shop_behind_doors, nicolae_stop_n_shop_1,
          wad_floor_pattern_untrapped
Elf:3:    minmay_elf_hall_furrowed, layout_loops_ring, nrook_uturn,
          nicolae_elf_big_sculpture_1
Vaults:1: v_misc_27, v_alt_pattern_5, st_spiral_rooms, nicolae_vaults_rhombus_5,
          v_alt_pattern_6, v_misc_5, v_pattern_1, v_rooms_2,
          ontoclasm_vaults_fault, nicolae_vaults_little_squares_5, v_misc_22,
          v_misc_25, vaults_dpeg_spiral, layout_vaults_maze_bifur
Vaults:2: nicolae_vaults_circle_grid_a, st_more_cells, hangedman_vaults_slice,
          vaults_room_corners, nicolae_vaults_mini_display_case,
          layout_vaults_omnigrid, dummy_crypt_entry, enter_trove_1, uniq_boris
Vaults:3: gammafunk_ghost_smash, nicolae_vaults_arrows, hangedman_vaults_locks,
          v_alt_pattern_2, nicolae_vaults_little_squares_6,
          ontoclasm_vaults_ring_small, vaults_mumra_chevron,
          nicolae_vaults_little_squares_5, ontoclasm_vaults_decontamination,
          layout_vaults_chaotic_city, uniq_margery
Vaults:4: nicolae_vaults_murderbox, vaults_dpeg_diagonal,
          nicolae_vaults_little_squares_1, vaults_room_fancy_cross, v_misc_27,
          vaults_room_large_hall, v_misc_12, v_misc_11,
          nicolae_vaults_little_squares_6, v_misc_4, ontoclasm_vaults_gateway,
          layout_vaults_ring, uniq_xtahua
Vaults:5
Crypt:1:  layout_gridlike, roderic_lattice_octagonal_star,
          grunt_crypt_arrival_guarded_gate

Skill      XL: |  1  2  3  4  5  6  7  8  9 10 11 12 13 14 15 16 17 18 19 20 21 |
---------------+----------------------------------------------------------------+-----
Fighting       | 3 4 5 6 8 10 11 12 14 15 16 18 19 | 19.3
Maces & Flails | 2 3 4 5 6 8 9 10 11 12 16 17 18 19 | 19.4
Dodging        | 1 2 3 4 5 6 7 8 9 10 11 12 13 14 15 16 | 16.7
Armour         | 3 5 7 8 9 10 11 12 13 15 16 | 16.0
Evocations     | 4 7 9 10 | 10.5
Shields        | 5 9 11 13 14 | 14.3
Stealth        | 3 6 7 |  7.1

Action                   |  1- 3 |  4- 6 |  7- 9 | 10-12 | 13-15 | 16-18 | 19-21 || total
-------------------------+-------+-------+-------+-------+-------+-------+-------++-------
Melee: Flail             |   173 |   173 |    70 |       |       |       |       ||   416
       Dire flail        |       |       |   191 |   653 |  1296 |   641 |       ||  2781
       Demon whip        |       |       |       |       |       |  1089 |  1209 ||  2298
Evoke: Condenser vane    |       |       |       |       |     1 |     3 |     3 ||     7
       Phantom mirror    |       |       |       |       |       |     2 |       ||     2
       Wand              |       |       |       |       |       |     1 |       ||     1
       Lightning rod     |       |       |       |       |       |     1 |       ||     1
       Tin of tremorston |       |       |       |       |       |       |     1 ||     1
       Box of beasts     |       |       |       |       |       |       |     2 ||     2
  Use: Scroll            |       |     7 |       |     9 |    15 |    17 |     6 ||    54
       Potion            |       |     2 |       |       |       |     9 |       ||    11
 Stab: Invisible         |       |     1 |       |       |       |       |       ||     1
       Petrified         |       |       |       |     1 |    15 |       |       ||    16
       Paralysed         |       |       |       |       |     2 |       |       ||     2
       Distracted        |       |       |       |       |       |     1 |       ||     1
Armor: Scale mail        |    31 |       |       |       |       |       |       ||    31
       Chain mail        |   105 |    80 |    36 |       |       |       |     1 ||   222
       Plate armour      |       |       |   106 |   359 |   714 |   624 |   309 ||  2112
Dodge: Dodged            |    79 |    90 |   149 |   551 |  1209 |   839 |   426 ||  3343
Block: Buckler           |    54 |    40 |    18 |       |       |       |       ||   112
       Kite shield       |       |       |       |       |       |   496 |   486 ||   982
       Tower shield      |       |       |       |       |       |       |   143 ||   143

Table legend: (Time is in decaauts)
 A = Elapsed time spent in this place.
 B = Non-inter-level travel time spent in this place.
 C = Inter-level travel time spent in this place.
 D = Time resting spent in this place.
 E = Time spent auto-exploring this place.
 F = Levels seen in this place.
 G = Mean time per level.
                   A        B        C        D        E       F      G
               +--------+--------+--------+--------+--------+-----+--------+
         Total |  47703 |  42381 |   5322 |   1889 |  31450 |  44 | 1084.2 |
       Dungeon |  16977 |  14644 |   2333 |    167 |  12056 |  15 | 1131.8 |
          Lair |   6872 |   5999 |    873 |    256 |   4544 |   6 | 1145.3 |
         Swamp |   3662 |   3369 |    293 |    656 |   1846 |   4 |  915.5 |
     Snake Pit |   6624 |   6279 |    345 |    356 |   4739 |   4 | 1656.0 |
  Orcish Mines |   1519 |   1112 |    407 |     23 |    746 |   2 |  759.5 |
   Elven Halls |   3330 |   3076 |    254 |     68 |   2169 |   3 | 1110.0 |
        Vaults |   6394 |   5582 |    812 |    360 |   3871 |   5 | 1278.8 |
         Crypt |     78 |     75 |      3 |      0 |     16 |   1 |   78.0 |
         Abyss |    540 |    540 |      0 |      2 |    271 |   1 |  540.0 |
        Bazaar |     52 |     52 |      0 |      0 |     37 |   1 |   52.0 |
      Ice Cave |   1119 |   1119 |      0 |      0 |    748 |   1 | 1119.0 |
       Volcano |    531 |    531 |      0 |      0 |    404 |   1 |  531.0 |
               +--------+--------+--------+--------+--------+-----+--------+

Top non-repeatable levels by time:
 Snake:3: 2080 daAuts
  Lair:2: 1834 daAuts
     D:4: 1828 daAuts
     D:6: 1785 daAuts
Vaults:3: 1764 daAuts
 Snake:2: 1756 daAuts
Vaults:2: 1721 daAuts
    D:13: 1596 daAuts
Vaults:1: 1495 daAuts
     D:8: 1468 daAuts
 Snake:4: 1427 daAuts
Vaults:4: 1395 daAuts
 Snake:1: 1358 daAuts
     D:9: 1345 daAuts
   Elf:3: 1269 daAuts
